[Event "Early-Titled-Tuesday-Blitz-May-14-2024"]
[Site "Chess.com"]
[Date "2024.05.14"]
[Round "4"]
[White "Firouzja2003"]
[Black "Sanyura"]
[Result "1-0"]
[WhiteElo "3181"]
[BlackElo "2645"]
[TimeControl "180+1"]
[EndTime "8:37:50 PDT"]
[Termination "Firouzja2003 won by resignation"]

1. e4 c5 2. Nf3 Nc6 3. Bb5 g6 4.
Bxc6 dxc6 5. d3 Bg7 6. h3 e5 7. Be3 Qe7 8. Qd2 Nf6 9. Qc3 Nd7 10. Nbd2 O-O 11. a4 a5 12. h4 h6 13. h5 f5 14. Nh4 f4 15. Nxg6 Qg5 16. Bxc5 Nxc5 17.
Qxc5 Re8 18. Nf3 Qxg2 19. Ke2 Bg4 20. Nh4 Bxf3+ 21. Nxf3 Qg4 22. Rag1 Qe6 23. Rg6 Qe7 24. Qc4+ Kh7 25. Rhg1 Bh8 26. Nh4 f3+ 27. Kd1 b5 28. Qxc6 1-0

[Event "Early-Titled-Tuesday-Blitz-May-14-2024"]
[Site "Chess.com"]
[Date "2024.05.14"]
[Round "4"]
[White "ViktoriyaTarasova"]
[Black "StelaSfw"]
[Result "1-0"]
[WhiteElo "2308"]
[BlackElo "1607"]
[TimeControl "180+1"]
[EndTime "8:37:53 PDT"]
[Termination "ViktoriyaTarasova won by resignation"]

1. d4 g6 2. c4 Nf6 3. e4 Bg7 4. Nc3 d6 5. h3 O-O 6. Be3 Ne8 7. g4 c5 8. d5 e6 9. Be2 exd5 10.
cxd5 Nd7 11. Nf3 Ne5 12. Nxe5 Bxe5 13. f4 Bg7 14. O-O Qa5 15. Qc2 a6 16. a4 Qd8 17.
Kg2 Qe7 18. Bd3 b6 19. Rae1 Qd7 20. Bf2 h5 21. Be2 hxg4 22. hxg4 f5 23. exf5 gxf5 24. g5 Bb7 25. Bf3 Qf7 26. Re6 Rd8 27. Rfe1 Nc7 28. Re7 Qg6 29. Rxc7 Bc8 30. Ree7 1-0

[Event "Early-Titled-Tuesday-Blitz-May-14-2024"]
[Site "Chess.com"]
[Date "2024.05.14"]
[Round "4"]
[White "rasmussvane"]
[Black "HeroWilczek"]
[Result "1-0"]
[WhiteElo "2954"]
[BlackElo "2543"]
[TimeControl "180+1"]
[EndTime "8:38:06 PDT"]
[Termination "rasmussvane won by resignation"]

1. Nf3 Nf6 2. g3 e6 3. Bg2 Be7 4. O-O O-O 5. c4 d5 6. b3 b6 7. d4 Bb7 8. Nc3 dxc4 9. bxc4 c5 10. d5 exd5 11. Nh4 Ne4 12. Nxd5 Bxh4 13. Bxe4 Be7 14. Qc2 h6 15. Rd1 Bd6 16. Nf6+ Qxf6 17.
Bxb7 Qxa1 18. Bb2 Qxa2 19. Ra1 Qxa1+ 20. Bxa1 Nd7 21. Bxa8 Rxa8 22. Qd3 Be5 23. Bxe5 Nxe5 24. Qe4 Re8 25. f4 1-0

[Event "Early-Titled-Tuesday-Blitz-May-14-2024"]
[Site "Chess.com"]
[Date "2024.05.14"]
[Round "4"]
[White "flubs"]
[Black "Zhigalko_Sergei"]
[Result "0-1"]
[WhiteElo "2423"]
[BlackElo "2846"]
[TimeControl "180+1"]
[EndTime "8:38:15 PDT"]
[Termination "Zhigalko_Sergei won by resignation"]

1. c4 e5 2. Nc3 Nf6 3. f4 e4 4. Qc2 Qe7 5. e3 Nc6 6. a3 g6 7. Nge2 d6 8. Ng3 Bf5 9. b4 Bg7 10. Bb2 O-O 11. Be2 a5 12. b5 Nb8 13. h3 Nbd7 14.
Na4 Be6 15. Nxe4 Nxe4 16. Bxg7 Qh4+ 17. Kd1 Nf2+ 0-1

[Event "Early-Titled-Tuesday-Blitz-May-14-2024"]
[Site "Chess.com"]
[Date "2024.05.14"]
[Round "4"]
[White "ccccvhhhj"]
[Black "bennyficial"]
[Result "1-0"]
[WhiteElo "2449"]
[BlackElo "2141"]
[TimeControl "180+1"]
[EndTime "8:38:16 PDT"]
[Termination "ccccvhhhj won by resignation"]

1. e4 c5 2. Nf3 g6 3. d4 cxd4 4. Nxd4 Nf6 5. Nc3 d6 6. Be3 Bg7 7. f3 a6 8. Qd2 h5 9. O-O-O b5 10. Kb1 Nbd7 11. Nd5 Nxd5 12. exd5 Bb7 13. Nc6 Bxc6 14. dxc6 Ne5 15. Bd4 O-O 16. f4 Nxc6 17. Bxg7 Kxg7 18. Qc3+ Kg8 19. Qxc6 Qa5 20. Qd5 Rac8 21. Qd2 Qa4 22. f5 Rc5 23. fxg6 fxg6 24. Bd3 Kg7 25. Qe3 Re5 26.
Qg3 Rf6 27. Rhe1 Rxe1 28. Rxe1 e5 29. Qe3 Qb4 30. Qe4 Qc5 31. a3 a5 32. Qb7+ Kh6 33. Qxb5 Qf2 34. Rf1 1-0

[Event "Early-Titled-Tuesday-Blitz-May-14-2024"]
[Site "Chess.com"]
[Date "2024.05.14"]
[Round "4"]
[White "vladislavkovalev"]
[Black "Zq1"]
[Result "1-0"]
[WhiteElo "2848"]
[BlackElo "2616"]
[TimeControl "180+1"]
[EndTime "8:38:19 PDT"]
[Termination "vladislavkovalev won by resignation"]

1. e4 c5 2. Nf3 d6 3. Bb5+ Bd7 4. Bxd7+ Qxd7 5. O-O Nc6 6. Re1 Nf6 7. c3 e6 8. d4 cxd4 9. cxd4 d5 10. e5 Ne4 11. Qe2 Bb4 12. Rd1 Be7 13. a3 O-O 14.
Nbd2 Nxd2 15. Bxd2 f6 16. exf6 Bxf6 17. Bc3 Rae8 18.
Re1 g6 19. Qd3 Bg7 20. Re2 Ne7 21. Rae1 Nf5 22. h3 Nd6 23. Bb4 Rf5 24. Bxd6 Qxd6 25.
g3 a6 26. Kg2 Qd7 27. h4 Ref8 28. Ng5 e5 29. dxe5 Bxe5 30. Rxe5 Rxf2+ 31. Kg1 d4 32. Qc4+ Kh8 33. Re7 1-0

[Event "Early-Titled-Tuesday-Blitz-May-14-2024"]
[Site "Chess.com"]
[Date "2024.05.14"]
[Round "4"]
[White "DACF2905"]
[Black "Szachulec75"]
[Result "0-1"]
[WhiteElo "2426"]
[BlackElo "2142"]
[TimeControl "180+1"]
[EndTime "8:38:21 PDT"]
[Termination "Szachulec75 won by checkmate"]

1. e4 d6 2. d4 Nf6 3. Nc3 c6 4.
Bg5 Nbd7 5. Qd2 e5 6. Nf3 Be7 7. O-O-O O-O 8. Kb1 b5 9. h4 a5 10. dxe5 dxe5 11. Bd3 a4 12. h5 b4 13. Ne2 b3 14.
Ng3 bxa2+ 15. Kxa2 Re8 16. Nf5 Bf8 17. g4 Nc5 18. Bxf6 Qxf6 19. g5 Qe6+ 20. Ka1 Nb3+ 21. cxb3 axb3+ 22. Kb1 c5 23. Qc3 Ba6 24. g6 c4 25. gxf7+ Qxf7 26. Be2 Qa7 27. Bxc4+ Bxc4 28. Qxc4+ Kh8 29. Qxb3 Rec8 30. Qc3 Rxc3 31. bxc3 Qa2+ 32. Kc1 Ba3# 0-1

[Event "Early-Titled-Tuesday-Blitz-May-14-2024"]
[Site "Chess.com"]
[Date "2024.05.14"]
[Round "4"]
[White "Savagelittlemole"]
[Black "JiiHart"]
[Result "1-0"]
[WhiteElo "2478"]
[BlackElo "2202"]
[TimeControl "180+1"]
[EndTime "8:38:22 PDT"]
[Termination "Savagelittlemole won by resignation"]

1. d4 d5 2. Nf3 Nf6 3. Bg5 Ne4 4. Nbd2 c5 5. dxc5 Nxg5 6. Nxg5 e5 7. h4 Bxc5 8. e4 h6 9. Bb5+ Nc6 10. Qh5 O-O 11.
O-O-O Bxf2 12. exd5 Nd4 13. Bc4 Bf5 14. d6 Bg6 15. Qxg6 hxg5 16. hxg5 Ne2+ 17. Kb1 Nc3+ 18. Ka1 1-0

[Event "Early-Titled-Tuesday-Blitz-May-14-2024"]
[Site "Chess.com"]
[Date "2024.05.14"]
[Round "4"]
[White "ArtemDyachuk"]
[Black "omer1997"]
[Result "1-0"]
[WhiteElo "2706"]
[BlackElo "2530"]
[TimeControl "180+1"]
[EndTime "8:38:33 PDT"]
[Termination "ArtemDyachuk won by resignation"]

1. e4 e5 2. Nf3 Nf6 3. Nxe5 d6 4. Nf3 Nxe4 5. d4 d5 6. Bd3 Be7 7. O-O Nc6 8. c4 Bf5 9. Re1 O-O 10. Nc3 Bb4 11. cxd5 Bxc3 12. bxc3 Qxd5 13. c4 Qe6 14. Ng5 Nc3 15. Nxe6 Nxd1 16. Bxf5 1-0

[Event "Early-Titled-Tuesday-Blitz-May-14-2024"]
[Site "Chess.com"]
[Date "2024.05.14"]
[Round "4"]
[White "SoCalJuniorChess"]
[Black "GelmanAlexander"]
[Result "0-1"]
[WhiteElo "2222"]
[BlackElo "2655"]
[TimeControl "180+1"]
[EndTime "8:38:38 PDT"]
[Termination "GelmanAlexander won by resignation"]

1. d4 c5 2. d5 Nf6 3. Nc3 d6 4. e4 h6 5. f4 g5 6. fxg5 hxg5 7. Bxg5 Nbd7 8. Bb5 Nh5 9. Nge2 a6 10. Bxd7+ Bxd7 11. Nf4 Nxf4 12. Bxf4 Bg7 13. Qf3 Qa5 14. O-O O-O-O 15.
Bg5 Bd4+ 16. Be3 Bxc3 17. bxc3 Qxc3 18. Rab1 f6 19. Rb3 Qxc2 20. Rf2 Qc4 21. Rfb2 b5 22.
Ra3 Kb7 23. Bd2 Qd4+ 0-1

[Event "Early-Titled-Tuesday-Blitz-May-14-2024"]
[Site "Chess.com"]
[Date "2024.05.14"]
[Round "4"]
[White "lagunanivaria"]
[Black "ferdipy"]
[Result "1-0"]
[WhiteElo "2518"]
[BlackElo "2306"]
[TimeControl "180+1"]
[EndTime "8:38:40 PDT"]
[Termination "lagunanivaria won by resignation"]

1. c3 e5 2. d4 exd4 3. cxd4 d5 4. Nc3 c6 5. Nf3 Bd6 6. Bg5 Ne7 7. e3 f6 8. Bh4 O-O 9. Bd3 Bf5 10. Bg3 Bxd3 11.
Qxd3 Na6 12. a3 Nc7 13. O-O Bxg3 14. hxg3 Qd6 15. b4 Rae8 16. Rab1 b5 17. Rfc1 Nc8 18. a4 a6 19. a5 Qd7 20. e4 Nd6 21. exd5 cxd5 22.
Nd2 Nc4 23. Re1 g6 24. Nf1 Qd6 25. Rxe8 Rxe8 26. Qf3 Kg7 27. Ne3 Nd2 28. Qg4 Nxb1 29. Nf5+ Kg8 30. Nxd6 Re1+ 31. Kh2 Nxc3 32. Qc8+ Ne8 33.
Nxe8 Ne4 34. Nxf6+ Kg7 35. Nxe4 Rxe4 36. Qd7+ Kh6 37. Qxd5 1-0

[Event "Early-Titled-Tuesday-Blitz-May-14-2024"]
[Site "Chess.com"]
[Date "2024.05.14"]
[Round "4"]
[White "secrethawk1"]
[Black "kyawmyataung2005"]
[Result "1-0"]
[WhiteElo "2446"]
[BlackElo "2252"]
[TimeControl "180+1"]
[EndTime "8:38:43 PDT"]
[Termination "secrethawk1 won by resignation"]

1. Nf3 d5 2. e3 c5 3. d4 Nf6 4. Be2 Bf5 5. c3 e6 6. O-O h6 7. Bd3 Nc6 8. Bxf5 exf5 9. dxc5 Bxc5 10. Nd4 g6 11. Nd2 O-O 12. Qf3 Kg7 13. Qg3 Kh7 14.
N4f3 Bd6 15. Qh3 Kg7 16. Nb3 Ne4 17. Nbd4 Ne5 18. Nxe5 Bxe5 19. f3 Ng5 20. Qh4 f4 21. Qf2 Qf6 22. Ne2 Ne6 23. Rd1 fxe3 24. Bxe3 Rfd8 25.
f4 Bc7 26. Rf1 Qf5 27. Ng3 Qg4 28. h3 1-0

[Event "Early-Titled-Tuesday-Blitz-May-14-2024"]
[Site "Chess.com"]
[Date "2024.05.14"]
[Round "4"]
[White "Stanbad1"]
[Black "sokidze"]
[Result "0-1"]
[WhiteElo "2594"]
[BlackElo "2794"]
[TimeControl "180+1"]
[EndTime "8:38:44 PDT"]
[Termination "sokidze won by resignation"]

1. d4 d5 2. c4 e6 3. Nc3 a6 4. cxd5 exd5 5. Bf4 Nf6 6. e3 Bd6 7. Bg5 c6 8. Bd3 O-O 9. Nge2 Re8 10. Qc2 h6 11.
Bh4 Nbd7 12. O-O-O b5 13. Kb1 a5 14. Rc1 a4 15. Nd1 Bb7 16. f3 Qb6 17. e4 dxe4 18. fxe4 Bf8 19. Ne3 c5 20. e5 cxd4 21. exf6 Rxe3 22.
fxg7 Bxg7 23. Nf4 Ne5 24. Bf2 Nxd3 25. Nxd3 Be4 26. Bxe3 dxe3 27. Ka1 a3 28. Rcd1 axb2+ 29. Kb1 Qe6 30. Qb3 Qxb3 31. axb3 e2 32. Rd2 Ra1+ 0-1

[Event "Early-Titled-Tuesday-Blitz-May-14-2024"]
[Site "Chess.com"]
[Date "2024.05.14"]
[Round "4"]
[White "yaguigor"]
[Black "BardArtem"]
[Result "0-1"]
[WhiteElo "2578"]
[BlackElo "2763"]
[TimeControl "180+1"]
[EndTime "8:38:46 PDT"]
[Termination "BardArtem won by resignation"]

1. e4 e5 2. Nf3 Nc6 3. Bb5 Nge7 4.
O-O Ng6 5. c3 d5 6. Qa4 dxe4 7.
Qxe4 f5 8. Bxc6+ bxc6 9. Qxc6+ Bd7 10. Qc4 Bd6 11. d4 e4 12. Bg5 Qb8 13. Nh4 Nxh4 14. Bxh4 Qxb2 15. Qb3 Rb8 16. Qxb2 Rxb2 17. Bg5 f4 18. g3 O-O 19. c4 Bh3 20. c5 fxg3 21. cxd6 gxf2+ 22. Kh1 Bxf1 23. Nc3 Bg2+ 24. Kxg2 f1=Q+ 0-1

[Event "Early-Titled-Tuesday-Blitz-May-14-2024"]
[Site "Chess.com"]
[Date "2024.05.14"]
[Round "4"]
[White "Root_21"]
[Black "Zurability"]
[Result "0-1"]
[WhiteElo "2601"]
[BlackElo "2814"]
[TimeControl "180+1"]
[EndTime "8:38:49 PDT"]
[Termination "Zurability won by resignation"]

1. e4 c5 2. Nf3 d6 3. d4 cxd4 4. Nxd4 Nf6 5. Nc3 g6 6. Be3 Bg7 7. f3 a6 8. Qd2 Nbd7 9. Bc4 b5 10. Bb3 Bb7 11. O-O O-O 12. Kh1 Rc8 13. Rad1 Ne5 14.
a4 Nc4 15. Bxc4 bxc4 16. Qe2 Qa5 17. Bg1 e5 18. b4 Qxb4 19. Nf5 gxf5 20. Nd5 Bxd5 21.
exd5 Qxa4 22. Qd2 c3 23. Qg5 Qf4 24. Qxf4 exf4 25. Ra1 Nxd5 26. Rxa6 Nb4 27. Rxd6 Nxc2 0-1

[Event "Early-Titled-Tuesday-Blitz-May-14-2024"]
[Site "Chess.com"]
[Date "2024.05.14"]
[Round "4"]
[White "carloseduar100"]
[Black "Siemba"]
[Result "0-1"]
[WhiteElo "2219"]
[BlackElo "2486"]
[TimeControl "180+1"]
[EndTime "8:38:53 PDT"]
[Termination "Siemba won by resignation"]

1. e4 g6 2. d3 d5 3. g3 dxe4 4. dxe4 Qxd1+ 5. Kxd1 Bg7 6. c3 Nc6 7. f4 Bg4+ 8. Kc2 O-O-O 9. Be3 Nf6 10. Nd2 e5 11. Be2 exf4 12. gxf4 Rhe8 13. e5 Bxe2 14. Nxe2 Ng4 15. Bg1 f6 16. h3 Nh6 17. Nd4 fxe5 18. Nxc6 bxc6 19. fxe5 Rxe5 20. Bxa7 Kb7 21. Bd4 Re2 22. Kd3 Rxd2+ 23. Kxd2 c5 24. Kd3 cxd4 25. c4 Nf7 26. b3 Ne5+ 27. Kd2 Nf3+ 28. Kd3 Re8 29.
Raf1 Re3+ 30. Kc2 d3+ 31. Kd1 Bc3 32. h4 d2 33. Kc2 Re1 34. Rxf3 d1=Q+ 35. Kxc3 Qxf3+ 0-1

[Event "Early-Titled-Tuesday-Blitz-May-14-2024"]
[Site "Chess.com"]
[Date "2024.05.14"]
[Round "4"]
[White "Kombinator01"]
[Black "HighLawView"]
[Result "1-0"]
[WhiteElo "2363"]
[BlackElo "2102"]
[TimeControl "180+1"]
[EndTime "8:38:53 PDT"]
[Termination "Kombinator01 won by resignation"]

1. e4 e6 2. d4 d5 3. exd5 exd5 4. Nf3 Nf6 5. c4 c6 6. Nc3 Be7 7. h3 O-O 8. Be3 Qb6 9. Qb3 Qxb3 10. axb3 Bf5 11. c5 Nbd7 12. Kd2 h6 13. Be2 Ne4+ 14. Nxe4 Bxe4 15. Ra4 f5 16. Bf4 g5 17. Be5 Nxe5 18.
Nxe5 f4 19. f3 Bf5 20. Rha1 a6 21. Rb4 Rab8 22. Bd3 Bxd3 23. Kxd3 Rfd8 24. Raa4 Bf6 25. Rb6 Re8 26. Nd7 Re3+ 27. Kd2 Rbe8 28. Nxf6+ Kf7 29. Nxe8 1-0

[Event "Early-Titled-Tuesday-Blitz-May-14-2024"]
[Site "Chess.com"]
[Date "2024.05.14"]
[Round "4"]
[White "Grischuk"]
[Black "francyIM"]
[Result "1-0"]
[WhiteElo "3105"]
[BlackElo "2875"]
[TimeControl "180+1"]
[EndTime "8:38:59 PDT"]
[Termination "Grischuk won by resignation"]

1. d4 Nf6 2. c4 e6 3. Bg5 d5 4. e3 h6 5. Bh4 Be7 6. Nc3 O-O 7. Qc2 b6 8. Nf3 Bb7 9. Bxf6 Bxf6 10. cxd5 exd5 11.
Rd1 Qe7 12. g3 c6 13. Bg2 Nd7 14. O-O Rfd8 15. Rfe1 Nf8 16. e4 dxe4 17. Nxe4 Ne6 18. Qc4 b5 19. Qc3 c5 20. Nxc5 Qxc5 21. Qxc5 Nxc5 22. dxc5 Bxb2 23. Nh4 Bxg2 24. Kxg2 Bd4 25. c6 Bb6 26. Nf5 Kf8 27. Rd7 Rxd7 28. cxd7 Rd8 29.
Nd6 1-0

[Event "Early-Titled-Tuesday-Blitz-May-14-2024"]
[Site "Chess.com"]
[Date "2024.05.14"]
[Round "4"]
[White "Carolinamazariegos88"]
[Black "Crazy_girl99"]
[Result "0-1"]
[WhiteElo "1697"]
[BlackElo "2653"]
[TimeControl "180+1"]
[EndTime "8:39:02 PDT"]
[Termination "Crazy_girl99 won by resignation"]

1. c4 Nf6 2. Nc3 e6 3. g3 d5 4. cxd5 exd5 5. d4 Be7 6. Bg2 O-O 7. Nf3 c6 8. O-O Bf5 9. h3 h6 10. Ne5 Nbd7 11. f4 Ne4 12. Nxe4 Bxe4 13. Bxe4 dxe4 14.
Qc2 Nxe5 15. dxe5 Qd7 16. Qxe4 Qxh3 17. Qf3 Bc5+ 18. Be3 Bxe3+ 19. Qxe3 Rfe8 20. Qf3 Rad8 21. Rad1 h5 22. Rd3 Rxd3 23. exd3 Rd8 24. Rf2 Rd4 25. Rh2 Qf5 26. Rxh5 Rxd3 27. Qe2 Rxg3+ 28. Kh1 Qb1+ 0-1

[Event "Early-Titled-Tuesday-Blitz-May-14-2024"]
[Site "Chess.com"]
[Date "2024.05.14"]
[Round "4"]
[White "mfschulz"]
[Black "Nasrin_Babayeva"]
[Result "1-0"]
[WhiteElo "2325"]
[BlackElo "1922"]
[TimeControl "180+1"]
[EndTime "8:39:04 PDT"]
[Termination "mfschulz won on time"]

1. d4 d5 2. Bg5 c5 3. Nc3 h6 4. Bh4 g5 5. Bg3 Bg7 6. e3 e6 7. h4 a6 8. hxg5 hxg5 9. Rxh8 Bxh8 10. Qh5 Bf6 11. Nf3 cxd4 12. exd4 Nc6 13. O-O-O Bd7 14. Ne5 Bxe5 15. dxe5 Qe7 16. f4 gxf4 17. Bh4 Qc5 18. Qh8 Qe3+ 19. Kb1 Ne7 20. Bxe7 Kxe7 21. Bd3 Rc8 22.
Rf1 Qg3 23. Ne2 Qxg2 24. Nxf4 Qg5 25. Nh3 Qg2 26. Qh4+ Kf8 27. Nf4 1-0

[Event "Early-Titled-Tuesday-Blitz-May-14-2024"]
[Site "Chess.com"]
[Date "2024.05.14"]
[Round "4"]
[White "MiguelBestard1981"]
[Black "MikeWizard"]
[Result "1/2-1/2"]
[WhiteElo "2324"]
[BlackElo "2016"]
[TimeControl "180+1"]
[EndTime "8:39:05 PDT"]
[Termination "Game drawn by repetition"]

1. e4 d6 2. d4 Nf6 3. Nc3 Nbd7 4.
Bg5 h6 5. Bh4 e5 6. Nge2 Be7 7.
f3 c6 8. Qd2 exd4 9. Nxd4 Ne5 10.
O-O-O Qa5 11. Nb3 Qc7 12. Bxf6 gxf6 13. f4 Ng6 14. g3 a5 15. h4 h5 16. Kb1 a4 17. Nd4 a3 18. b3 Bg4 19. Be2 Bxe2 20. Ncxe2 Qb6 21. Nf5 Rd8 22. Qd4 c5 23. Qa4+ Qc6 24.
Qxc6+ bxc6 25. c4 Nf8 26. Kc2 Ne6 27. Nc3 Rg8 28. Rd2 Nd4+ 29. Nxd4 cxd4 30. Ne2 c5 31. Rd3 Rb8 32. Rh3 Kd7 33. Ng1 Bd8 34. Nf3 Ba5 35.
Nd2 Bc3 36. Rxc3 dxc3 37. Nb1 Rg4 38. Nxc3 Rbg8 39. Nd5 Ke6 40. Nc7+ Kd7 41. Nd5 Ke6 42.
Nc7+ Kd7 43. Nd5 1/2-1/2

[Event "Early-Titled-Tuesday-Blitz-May-14-2024"]
[Site "Chess.com"]
[Date "2024.05.14"]
[Round "4"]
[White "akanga001"]
[Black "Azalea95"]
[Result "0-1"]
[WhiteElo "2148"]
[BlackElo "2383"]
[TimeControl "180+1"]
[EndTime "8:39:05 PDT"]
[Termination "Azalea95 won on time"]

1. d4 Nf6 2. c4 e6 3. Nf3 d5 4.
Nc3 Be7 5. Bg5 O-O 6. e3 h6 7. Bh4 c6 8. Bd3 dxc4 9. Bxc4 b5 10. Bd3 a6 11. Ne5 Bb7 12. Rc1 Nbd7 13. f4 c5 14. O-O cxd4 15. exd4 Qb6 16. Bf2 Qd6 17. a3 Rac8 18. Qe2 Nb6 19. f5 Nbd5 20. fxe6 Qxe6 21. Ne4 Nf4 22. Nxf6+ Bxf6 23. Qe3 Bxe5 24. dxe5 Qd5 0-1

[Event "Early-Titled-Tuesday-Blitz-May-14-2024"]
[Site "Chess.com"]
[Date "2024.05.14"]
[Round "4"]
[White "Vincent_Vega95"]
[Black "Ural_bogatyr"]
[Result "1-0"]
[WhiteElo "2746"]
[BlackElo "2563"]
[TimeControl "180+1"]
[EndTime "8:39:07 PDT"]
[Termination "Vincent_Vega95 won by resignation"]

1. d4 Nf6 2. c4 e6 3. Nc3 d5 4. cxd5 exd5 5. Bg5 Be7 6. e3 O-O 7. Bd3 h6 8. Bh4 Bg4 9. Nge2 c5 10. dxc5 Nc6 11. h3 Bh5 12. g4 Bg6 13. Bxg6 fxg6 14. Bxf6 Bxf6 15. Qxd5+ Qxd5 16. Nxd5 Bxb2 17. Rb1 Ba3 18.
Rxb7 Bxc5 19. Rc7 Ne5 20. O-O Nf3+ 21. Kg2 Nh4+ 22. Kh1 Bd6 23. Rd7 Bc5 24. Nef4 Rae8 25. Rc1 g5 26. Rxc5 Rxf4 27. exf4 Re1+ 28. Kh2 Rf1 29. Nf6+ 1-0

[Event "Early-Titled-Tuesday-Blitz-May-14-2024"]
[Site "Chess.com"]
[Date "2024.05.14"]
[Round "4"]
[White "zozik"]
[Black "ivana_999"]
[Result "1-0"]
[WhiteElo "2316"]
[BlackElo "1848"]
[TimeControl "180+1"]
[EndTime "8:39:07 PDT"]
[Termination "zozik won by resignation"]

1. d4 Nf6 2. Nf3 g6 3. g3 Bg7 4. Bg2 d5 5. O-O O-O 6. c4 c5 7.
cxd5 Nxd5 8. dxc5 Nc6 9. Nbd2 Bg4 10. a3 e5 11. Rb1 a5 12. h3 Be6 13. Nc4 Nf4 14. Nb6 Nxg2 15. Nxa8 Bxh3 16. Qxd8 Rxd8 17.
Nb6 Bf6 18. Bg5 e4 19. Bxf6 exf3 20. exf3 Rd2 21. Rfd1 Nd4 22. Bxd4 1-0

[Event "Early-Titled-Tuesday-Blitz-May-14-2024"]
[Site "Chess.com"]
[Date "2024.05.14"]
[Round "4"]
[White "Aleksandar-Topalov"]
[Black "NMChessToImpress"]
[Result "0-1"]
[WhiteElo "2479"]
[BlackElo "2275"]
[TimeControl "180+1"]
[EndTime "8:39:09 PDT"]
[Termination "NMChessToImpress won by resignation"]

1. b3 e5 2. Bb2 Nc6 3. e3 Nf6 4. Bb5 Bd6 5. Na3 Na5 6. Be2 a6 7. c4 Nc6 8. Nc2 O-O 9. Nf3 Re8 10. d3 Bf8 11. e4 d6 12. O-O g6 13. Ne3 Nh5 14. Nd5 Bg7 15. a3 Ne7 16. Nd2 Nxd5 17. cxd5 Nf4 18. g3 Qg5 19. Nf3 Nxe2+ 20. Qxe2 Qh5 21. Rfe1 Bg4 22. Kg2 f5 23. Bc1 Rf8 24. Qe3 f4 25. gxf4 Qh3+ 26. Kg1 Bxf3 0-1

[Event "Early-Titled-Tuesday-Blitz-May-14-2024"]
[Site "Chess.com"]
[Date "2024.05.14"]
[Round "4"]
[White "edgarhay012"]
[Black "jaramsdal"]
[Result "1-0"]
[WhiteElo "2629"]
[BlackElo "2383"]
[TimeControl "180+1"]
[EndTime "8:39:10 PDT"]
[Termination "edgarhay012 won by checkmate"]

1. d3 e6 2. Nd2 d5 3. g3 Nf6 4. Bg2 Nc6 5. e4 dxe4 6. dxe4 e5 7. Ne2 Be6 8. O-O Bc5 9. Nb3 Bb6 10. h3 Qe7 11.
Bg5 h6 12. Bxf6 Qxf6 13. Qe1 a5 14. a3 a4 15. Nd2 Rd8 16. Kh2 O-O 17. Rd1 Qe7 18.
f4 exf4 19. gxf4 Qd6 20. Qg3 Qxd2 21. Rxd2 Rxd2 22. f5 Bc4 23. f6 g6 24. Qf4 Rxe2 25. Qxh6 Rxg2+ 26. Kxg2 Bxf1+ 27. Kxf1 Rd8 28. Qg7# 1-0

[Event "Early-Titled-Tuesday-Blitz-May-14-2024"]
[Site "Chess.com"]
[Date "2024.05.14"]
[Round "4"]
[White "kritipatel"]
[Black "Quattroporte300"]
[Result "0-1"]
[WhiteElo "2174"]
[BlackElo "2392"]
[TimeControl "180+1"]
[EndTime "8:39:10 PDT"]
[Termination "Quattroporte300 won by resignation"]

1. d4 g6 2. c4 Bg7 3. Nc3 d6 4. e4 Nd7 5. Be3 e5 6. f4 Ne7 7. Nf3 O-O 8. Be2 c5 9. dxe5 dxe5 10.
fxe5 Nxe5 11. Nxe5 Bxe5 12. Bxc5 Qc7 13. Bd4 Bxh2 14.
Qd3 Bg3+ 15. Kd2 Bf4+ 16. Kc2 f6 17. Raf1 Be6 18. Nd5 Nxd5 19. g3 Nb4+ 0-1

[Event "Early-Titled-Tuesday-Blitz-May-14-2024"]
[Site "Chess.com"]
[Date "2024.05.14"]
[Round "4"]
[White "Revan_2002"]
[Black "Artem_Koval"]
[Result "1-0"]
[WhiteElo "2739"]
[BlackElo "2562"]
[TimeControl "180+1"]
[EndTime "8:39:12 PDT"]
[Termination "Revan_2002 won by resignation"]

1. d4 d5 2. c4 e6 3. Nc3 Nf6 4.
cxd5 exd5 5. Bg5 Be7 6. e3 c6 7. Bd3 O-O 8. Nge2 h6 9. Bh4 Ne4 10. Bxe7 Qxe7 11. Bxe4 dxe4 12. Ng3 f5 13. O-O Nd7 14.
d5 Ne5 15. Qd4 cxd5 16. Nxd5 Qd6 17. Rac1 Rf7 18. Nc7 Qxd4 19. exd4 Rxc7 20. Rxc7 Nd3 21. d5 b6 22. Nh5 g6 23. Nf6+ Kf8 24. d6 Be6 25.
Rh7 Bg8 26. Rh8 Kf7 27. Rxg8 Rxg8 28. Nxg8 Ke6 29. Ne7 Kxd6 30. Nxg6 Nxb2 31. Nf4 Ke5 32. g3 Kd4 33. Rc1 b5 34. Rc6 a5 35. Rxh6 a4 36.
h4 b4 37. Ra6 Kc4 38. h5 Kb5 39. Ra8 a3 40. h6 Na4 41. h7 b3 42. axb3 a2 43.
h8=Q e3 44. bxa4+ Kb4 45. fxe3 a1=Q+ 46. Qxa1 Kc4 47. g4 fxg4 48. Qd4+ Kb3 49. Rb8+ Kc2 50. Rb2+ 1-0

[Event "Early-Titled-Tuesday-Blitz-May-14-2024"]
[Site "Chess.com"]
[Date "2024.05.14"]
[Round "4"]
[White "only_strong_moves"]
[Black "zajka-molotok"]
[Result "1-0"]
[WhiteElo "2714"]
[BlackElo "2547"]
[TimeControl "180+1"]
[EndTime "8:39:16 PDT"]
[Termination "only_strong_moves won by resignation"]

1. Nc3 d5 2. e4 e6 3. d4 Nf6 4. e5 Nfd7 5. Nce2 c5 6. c3 Nc6 7. Nf3 b5 8. Nf4 b4 9. Bd3 a5 10. O-O Ba6 11. Ng5 Qxg5 12. Nxe6 Qxc1 13. Nxg7+ Bxg7 14. Rxc1 Bxd3 15. Qxd3 O-O 16. f4 bxc3 17. bxc3 Rfc8 18.
f5 Bh6 19. Rce1 cxd4 20. cxd4 Nb4 21. Qg3+ Kh8 22. e6 Nf6 23. exf7 Rf8 24. Re7 Bg7 25. Qh4 Nc6 26. Rc7 Nd8 27. g4 Nxf7 28. g5 Ne8 29.
Rxf7 Rxf7 30. g6 Bf6 31. gxf7 Kg7 32. fxe8=N+ 1-0

[Event "Early-Titled-Tuesday-Blitz-May-14-2024"]
[Site "Chess.com"]
[Date "2024.05.14"]
[Round "4"]
[White "Juicy_Fork"]
[Black "Yan_Dyomin2010"]
[Result "0-1"]
[WhiteElo "2460"]
[BlackElo "2679"]
[TimeControl "180+1"]
[EndTime "8:39:16 PDT"]
[Termination "Yan_Dyomin2010 won by resignation"]

1. e4 c5 2. Nf3 Nc6 3. Bb5 Nf6 4. Nc3 Qc7 5. O-O Nd4 6. Re1 a6 7. Bf1 Ng4 8. e5 Nxf3+ 9. Qxf3 h5 10. d3 Nxe5 11.
Qg3 d6 12. Bf4 h4 13. Qe3 e6 14. d4 cxd4 15. Qxd4 Be7 16. Ne4 O-O 17. Nxd6 Nc6 18. Nf5 Nxd4 19. Bxc7 Nxf5 20. Rad1 Bf6 21. c3 b5 22. g4 hxg3 23. hxg3 Bb7 24. f4 Rac8 25. Ba5 Nxg3 26. Rd7 Bc6 27. Ra7 Nxf1 28. Kxf1 Bd5 0-1

[Event "Early-Titled-Tuesday-Blitz-May-14-2024"]
[Site "Chess.com"]
[Date "2024.05.14"]
[Round "4"]
[White "laurenzchess"]
[Black "klercaku"]
[Result "1-0"]
[WhiteElo "2495"]
[BlackElo "2257"]
[TimeControl "180+1"]
[EndTime "8:39:20 PDT"]
[Termination "laurenzchess won on time"]

1. e4 e5 2. Nf3 Nc6 3. Bc4 Bc5 4. c3 Nf6 5. d4 exd4 6. b4 Be7 7. e5 Ne4 8. b5 Na5 9. Bd5 Nxc3 10. Nxc3 dxc3 11. O-O O-O 12. Qc2 c6 13. Be4 g6 14.
Bh6 Re8 15. Rad1 Qc7 16. Qxc3 Bf8 17. Bxf8 Rxf8 18. Rd6 b6 19. Ng5 Nb7 20. Qh3 h5 21. Bxg6 Nxd6 22. Qxh5 1-0